 Dungeon Crawl Stone Soup version 0.25-a0-435-g4b9beb1024 (webtiles) character file.

Game seed: 16874526883013867175, levelgen mode: deterministic

9 Nattfarinn the Caller (level 2, 0/20 HPs)
             Began as a Barachi Summoner on Jan 29, 2020.
             Slain by a jackal (3 damage)
             ... on level 1 of the Dungeon.
             The game lasted 00:02:14 (528 turns).

Nattfarinn the Caller (Barachi Summoner)             Turns: 528, Time: 00:02:15

Health: 0/20       AC:  2    Str:  9    XL:     2   Next: 16%
Magic:  0/5        EV: 12    Int: 15    God:
Gold:   8          SH:  0    Dex: 12    Spells: 2/5 levels left

rFire    . . .     SeeInvis .   e - +0 dagger
rCold    . . .     Gourm    .   (no shield)
rNeg     . . .     Faith    .   a - +0 robe
rPois    +         Spirit   .   (no helmet)
rElec    .         Reflect  .   (no cloak)
rCorr    .         Harm     .   (no gloves)
MR       .....                  (no boots)
Stlth    ++........             (no amulet)
HPRegen  0.06/turn              b - ring of poison resistance
MPRegen  0.09/turn              (no ring)

@: slow
A: +LOS, swims, slowness 1, strong legs 1
a: Hop


You were on level 1 of the Dungeon.
You were not hungry.

You visited 1 branch of the dungeon, and saw 1 of its levels.

You collected 8 gold pieces.

Inventory:

Hand Weapons
 e - a +0 dagger (weapon)
Armour
 a - a +0 robe (worn)
Jewellery
 b - a ring of poison resistance (left hand)
Scrolls
 d - a scroll of amnesia {unknown}
Comestibles
 c - a ration
 f - a chunk of flesh


   Skills:
 * Level 0.3 Fighting
 * Level 0.2 Armour
 + Level 2.3 Dodging
 - Level 1.9 Stealth
 + Level 2.3 Spellcasting
 * Level 5.0 Summonings


You had 2 spell levels left.
You knew the following spells:

 Your Spells              Type           Power        Failure   Level  Hunger
a - Summon Small Mammal   Summ           ###.         2%          1    #......
b - Call Imp              Summ           ###.....     4%          2    ###....

Your spell library contained the following spells:

 Spells                   Type           Power        Failure   Level  Hunger
 Call Canine Familiar     Summ           ###.....     9%          3    ###....
 Summon Guardian Golem    Hex/Summ       #.......     22%         3    ###....
 Summon Ice Beast         Ice/Summ       #.......     58%         4    #####..
 Summon Lightning Spire   Summ/Air       #.......     58%         4    #####..


Dungeon Overview and Level Annotations

Branches:
Dungeon (1/15)

Altars:


Innate Abilities, Weirdness & Mutations

You can be seen from farther away. (+LOS)
You can swim through water.
You cover ground slowly.
You can hop short distances.


Message History

Confirm with . or Enter, or press ? or * to list all spells.
A beastly little devil appears in a puff of frigid air.
Your bat hits the jackal but does no damage.
The jackal closely misses you.
You miss the jackal.
Your bat barely misses the jackal.
The jackal bites you.
* * * LOW HITPOINT WARNING * * *
The jackal bites you.
* * * LOW HITPOINT WARNING * * *
Your white imp hits the jackal.
Your white imp freezes the jackal.
Unknown command.
You barely miss the jackal.
The jackal is severely wounded.
The jackal closely misses you.
Your white imp hits the jackal but does no damage.
You barely miss the jackal.
The jackal is severely wounded.
The jackal bites you.
* * * LOW HITPOINT WARNING * * *
The jackal bites you.
You die...

# ..# ..#### ###
...... #.> .....!#
#.# .....# #.#
#....###
####†######........
#.@h5..............
#.##.#####.......#.
#.##.# ##.#.......#
#.##.###.###.##...#
#######.##....##
#.. ..#
#.......######.#
### .# #.#######
..# #.# ##.# #.# .#


You could see a jackal and a friendly white imp.

Vanquished Creatures
  A hobgoblin (D:1)
  A rat (D:1)
2 creatures vanquished.

Vanquished Creatures (collateral kills)
  A leopard gecko (D:1)
  A bat (D:1)
  A goblin (D:1)
  3 jackals (D:1)
  A rat (D:1)
7 creatures vanquished.

Grand Total: 9 creatures vanquished

Notes
Turn   | Place    | Note
-------+----------+-------------------------------------------
     0 | D:1      | Nattfarinn the Barachi Summoner began the quest for the
                  | Orb.
     0 | D:1      | Reached XP level 1. HP: 13/13 MP: 3/3
   488 | D:1      | Reached skill level 5 in Summonings
   488 | D:1      | Reached XP level 2. HP: 8/19 MP: 1/5
   492 | D:1      | Learned a level 2 spell: Call Imp
   528 | D:1      | Slain by a jackal

Levels and vault maps discovered:
D:1:      dpeg_arrival_rooms_c, layout_loops_ring, minmay_lizard_king

Skill      XL: |  1 |
---------------+----+-----
Summonings     | 5 |  5.0
Fighting       | |  0.3
Armour         | |  0.2
Dodging        | |  2.3
Stealth        | |  1.9
Spellcasting   | |  2.3

Action                   || total
-------------------------++-------
Melee: Dagger            ||    46
       Unarmed           ||     7
 Cast: Summon Small Mamm ||     9
       Call Imp          ||     2
Armor: Robe              ||    12
Dodge: Dodged            ||    61

Table legend:
 A = Non-vault XP
 B = Vault XP
 C = Vault XP percentage of total XP
 D = Non-vault monster count
 E = Vault monster count
 F = Vault count percentage of total count
                 A         B        C        D         E       F
            +---------+---------+-------+---------+---------+-------
      Total |      14 |       0 |   0.0 |       9 |       0 |   0.0
            +---------+---------+-------+---------+---------+-------
        D:1 |      14 |       0 |   0.0 |       9 |       0 |   0.0
            +---------+---------+-------+---------+---------+-------
